[Event "*** Titled Tuesday Blitz"]
[Site "Chess.com"]
[Date "2020.05.19"]
[Round "5"]
[White "Maghalashvili"]
[Black "Firouzja2003"]
[Result "0-1"]
[WhiteElo "2807"]
[BlackElo "3175"]
[TimeControl "180+1"]
[EndTime "12:56:06 PDT"]
[Termination "Firouzja2003 won by resignation"]

1. Nf3 d5 2. g3 Nf6 3. Bg2 g6 4. b3 c5 5. Bb2 Bg7 6. O-O O-O 7. d4 Ne4 8. c3 Nc6 9. Nbd2 Bf5 10. Rc1 cxd4 11. Nxd4 Nxd4 12. cxd4 Qa5 13. Nxe4 dxe4 14. a3 Rad8 15. b4 Qa6 16. e3 e5 17. d5 h5 18. Qc2 Rxd5 19. Bxe4 Bxe4 20. Qxe4 Rfd8 21. Qf3 e4 22. Qxe4 Bxb2 23. Rc7 Rd1 24. Qc4 Qxc4 25. Rxc4 Rxf1+ 26. Kxf1 Bxa3 0-1

[Event "*** Titled Tuesday Blitz"]
[Site "Chess.com"]
[Date "2020.05.19"]
[Round "5"]
[White "SirMittensofMittensville"]
[Black "GM_LOADING"]
[Result "1-0"]
[WhiteElo "2640"]
[BlackElo "2436"]
[TimeControl "180+1"]
[EndTime "12:56:06 PDT"]
[Termination "SirMittensofMittensville won by resignation"]

1. e4 e5 2. Nf3 Nc6 3. Bc4 Nf6 4.
d3 h6 5. O-O d6 6. Re1 g6 7. a4 Bg7 8. a5 a6 9. Nc3 O-O 10. h3 g5 11. Nh2 Be6 12. Nd5 Bxd5 13. exd5 Ne7 14. d4 e4 15. Ng4 Nexd5 16. c3 c6 17. Qb3 Qd7 18. Bd2 Nxg4 19. hxg4 Nf6 20. f3 d5 21. Bf1 Rae8 22. Be3 Re7 23. Bf2 Rfe8 24. Bg3 h5 25. gxh5 Nxh5 26. Bh2 exf3 27. Rxe7 Qxe7 28. gxf3 Qe3+ 29. Kh1 Qxf3+ 30. Bg2 Qg4 31.
Qxb7 Re2 32. Qb8+ Kh7 33. Rg1 Nf4 34. Be4+ dxe4 35. Rxg4 Re1+ 36. Rg1 Rxg1+ 37. Kxg1 e3 38.
Bxf4 e2 39. Kf2 1-0

[Event "*** Titled Tuesday Blitz"]
[Site "Chess.com"]
[Date "2020.05.19"]
[Round "5"]
[White "canary2016"]
[Black "FMOlexandrProhorov"]
[Result "1/2-1/2"]
[WhiteElo "1949"]
[BlackElo "2108"]
[TimeControl "180+1"]
[EndTime "12:56:07 PDT"]
[Termination "Game drawn by repetition"]

1. Nf3 Nf6 2. g3 g6 3. Bg2 Bg7 4. O-O O-O 5. d4 d6 6. c4 Nc6 7. Nc3 Bg4 8. e4 e5 9. Be3 exd4 10. Bxd4 Nxd4 11. Qxd4 Re8 12. Qd3 Nd7 13. h3 Bxf3 14. Bxf3 Ne5 15. Qe2 Nc6 16. Bg2 Nd4 17. Qd2 c6 18.
Rad1 Qf6 19. Rfe1 Rad8 20. Qd3 a5 21. Rd2 h5 22. Red1 h4 23. Qxd4 Qxd4 24. Rxd4 Bxd4 25. Rxd4 hxg3 26. fxg3 Re5 27. Kf2 Kf8 28. a3 Ke7 29. b4 axb4 30. axb4 Ra8 31. Ke3 Ra3 32. Kd3 Rb3 33.
b5 c5 34. Rd5 Rxd5+ 35. exd5 Rb2 36. Bf3 g5 37. h4 gxh4 38. gxh4 Rh2 39. h5 Rh3 40. Ke3 Kf6 41. Ne4+ Ke5 42. Nd2 f5 43. Nb3 f4+ 44. Ke2 Rh2+ 45. Kd3 Rh3 46. Ke2 Rh2+ 47. Kd3 Rb2 48. Nd2 Ra2 49. Kc3 Ra3+ 50. Nb3 Ra2 51. Nd2 Ra3+ 52. Nb3 Ra2 53. Nd2 1/2-1/2

[Event "*** Titled Tuesday Blitz"]
[Site "Chess.com"]
[Date "2020.05.19"]
[Round "5"]
[White "PawnEatingZombie"]
[Black "White_Ghost"]
[Result "0-1"]
[WhiteElo "2250"]
[BlackElo "2441"]
[TimeControl "180+1"]
[EndTime "12:56:08 PDT"]
[Termination "White_Ghost won on time"]

1. d4 Nf6 2. c4 g6 3. Nc3 d6 4. e4 Nbd7 5. Be2 Bg7 6. Nf3 O-O 7. O-O e5 8. Be3 exd4 9. Nxd4 Re8 10. f3 Nh5 11. Qd2 Nc5 12. Rfe1 Qh4 13. Bf2 Qd8 14. Bf1 Be5 15. g3 Bd7 16. Rad1 Ng7 17. Bg2 Nce6 18. Nc2 g5 19. Be3 a6 20. f4 gxf4 21.
gxf4 Bf6 22. Kh1 b5 23. b3 bxc4 24. bxc4 Rb8 25. Nd5 Rb2 26. Qc1 Rxa2 27. f5 Ng5 28. Nxf6+ Qxf6 29. Bd4 Qd8 30. Rg1 f6 31. h4 Nf7 32. Ne3 Ne5 33. Nd5 c6 34. Nf4 Qe7 35. Bh3 Kh8 36. Rxg7 Qxg7 37. Rg1 Qh6 38. Ne6 Qxh4 0-1

[Event "*** Titled Tuesday Blitz"]
[Site "Chess.com"]
[Date "2020.05.19"]
[Round "5"]
[White "otrov-11"]
[Black "AGW2016"]
[Result "1-0"]
[WhiteElo "2403"]
[BlackElo "2227"]
[TimeControl "180+1"]
[EndTime "12:56:08 PDT"]
[Termination "otrov-11 won by resignation"]

1. d4 Nf6 2. c4 g6 3. Nc3 Bg7 4. e4 d6 5. f4 O-O 6. Nf3 c5 7.
d5 e6 8. Be2 exd5 9. cxd5 Bg4 10. Nd2 Bxe2 11. Qxe2 Na6 12. O-O Re8 13. Qf3 Nc7 14.
a4 Rb8 15. Nc4 b5 16. axb5 Nxb5 17. e5 Nd4 18. Qf2 Ng4 19. Qg3 h5 20. h3 Nf5 21. Qf3 Ngh6 22. Rxa7 Rb4 23. Qd3 dxe5 24. fxe5 Bxe5 25. Nxe5 Rxe5 26. Bxh6 Nxh6 27. Rfxf7 Nf5 28.
Qd2 Re7 29. Rfxe7 Nxe7 30. Qg5 Kf7 31. Ra6 Rd4 32. Qf6+ Ke8 33. d6 Nf5 34. Qxg6+ 1-0

[Event "*** Titled Tuesday Blitz"]
[Site "Chess.com"]
[Date "2020.05.19"]
[Round "5"]
[White "vovachesss"]
[Black "GOGIEFF"]
[Result "0-1"]
[WhiteElo "2618"]
[BlackElo "2916"]
[TimeControl "180+1"]
[EndTime "12:56:09 PDT"]
[Termination "GOGIEFF won by resignation"]

1. d4 Nf6 2. Nc3 d5 3. Bf4 a6 4. e3 e6 5. Nf3 c5 6. dxc5 Bxc5 7. Bd3 Nc6 8. O-O O-O 9. e4 h6 10. h3 Re8 11. e5 Nd7 12. a3 f6 13. exf6 Qxf6 14. Bg3 Nb6 15. Re1 e5 16. Nxd5 Nxd5 17.
Bc4 Be6 18. Bxd5 Rad8 19. Bxe6+ Rxe6 20. Qe2 e4 21. Nh2 e3 22. Kh1 Kh8 23. Ng4 Qg6 24. Qc4 Ba7 25. Bf4 Rd4 26. Qb3 Rxf4 27. fxe3 Rxg4 28.
hxg4 Qxg4 29. e4 Nd4 30. Qh3 Qxh3+ 31. gxh3 Nxc2 0-1

[Event "*** Titled Tuesday Blitz"]
[Site "Chess.com"]
[Date "2020.05.19"]
[Round "5"]
[White "Mizner"]
[Black "AlexTriapishko"]
[Result "0-1"]
[WhiteElo "2550"]
[BlackElo "2737"]
[TimeControl "180+1"]
[EndTime "12:56:09 PDT"]
[Termination "AlexTriapishko won by resignation"]

1. d4 Nf6 2. c4 g6 3. g3 Bg7 4. Bg2 O-O 5. Nc3 d6 6. Nf3 c5 7. dxc5 dxc5 8. Qxd8 Rxd8 9. Ne5 Nfd7 10. Nxd7 Nxd7 11.
Be3 Nb6 12. Bxc5 Nxc4 13. O-O Be6 14. Bxb7 Rab8 15. Bg2 Rxb2 16. Rac1 Nd2 17. Rfd1 Bxc3 18. Bxe7 Rd7 19. Bg5 Rxa2 20. Kh1 h6 0-1

[Event "*** Titled Tuesday Blitz"]
[Site "Chess.com"]
[Date "2020.05.19"]
[Round "5"]
[White "Andreikka"]
[Black "L_lorenzo"]
[Result "1-0"]
[WhiteElo "2944"]
[BlackElo "2027"]
[TimeControl "180+1"]
[EndTime "12:56:09 PDT"]
[Termination "Andreikka won by resignation"]

1. c4 e5 2. Nc3 Nf6 3. Nf3 d6 4. g3 Nbd7 5. Bg2 Be7 6. d4 c6 7. O-O O-O 8. e4 a6 9. d5 Qc7 10. h3 Rb8 11. Be3 b5 12. dxc6 Qxc6 13. Nd5 Nxd5 14.
cxd5 Qb7 15. Rc1 Nb6 16. b3 Bd7 17. Qd2 Rbc8 18. Qa5 Na8 19. Qb4 Rxc1 20. Rxc1 Rc8 21. Rxc8+ Qxc8 22. Kh2 Kf8 23. a4 Nc7 24. Nxe5 dxe5 25.
d6 Ne6 26. dxe7+ Ke8 27. Bf1 Qc6 28. axb5 axb5 29. Bg2 f6 30. f4 exf4 31. gxf4 Qc7 32. e5 fxe5 33. f5 Nf4 34. Be4 Bc6 35. Qc5 Qxe7 36. Qxc6+ Kf7 37. Bxf4 exf4 38. Bd5+ Kf8 39. Qc8+ Qe8 40. Qxe8+ Kxe8 41. Kg2 1-0

[Event "*** Titled Tuesday Blitz"]
[Site "Chess.com"]
[Date "2020.05.19"]
[Round "5"]
[White "jeaston1"]
[Black "aNaartjieZA"]
[Result "0-1"]
[WhiteElo "2414"]
[BlackElo "2580"]
[TimeControl "180+1"]
[EndTime "12:56:09 PDT"]
[Termination "aNaartjieZA won by resignation"]

1. d4 Nf6 2. c4 c5 3. d5 e5 4. Nc3 d6 5. e4 Be7 6. Be2 Nbd7 7. Nf3 Nf8 8. h3 Ng6 9. g3 h5 10. h4 Bg4 11. Ng5 Bxe2 12. Qxe2 a6 13.
a4 Rb8 14. a5 Ng4 15. Kf1 Nf6 16. Kg2 Nh7 17. Nxh7 Rxh7 18. Be3 Nf8 19. Na4 g6 20. Rhb1 f5 21. b4 f4 22. gxf4 cxb4 23. fxe5 Bxh4 24. exd6 Qxd6 25. f4 Qd7 26. e5 Qf5 27. Nc5 g5 28.
Qd3 Qg4+ 29. Kf1 Qf3+ 30. Kg1 gxf4 31. Qxh7 Nxh7 0-1

[Event "*** Titled Tuesday Blitz"]
[Site "Chess.com"]
[Date "2020.05.19"]
[Round "5"]
[White "Harry_Rakkel"]
[Black "Ural_bogatyr"]
[Result "1-0"]
[WhiteElo "2576"]
[BlackElo "2399"]
[TimeControl "180+1"]
[EndTime "12:56:09 PDT"]
[Termination "Harry_Rakkel won by resignation"]

1. e4 e5 2. Nf3 Nc6 3. Bc4 Nf6 4. d3 h6 5. O-O d6 6. Re1 g5 7. Nbd2 Bg7 8. Nf1 Be6 9. Ng3 Qd7 10. a4 O-O 11. c3 d5 12. exd5 Nxd5 13. Bb5 Bg4 14. h3 Bxf3 15. Qxf3 a6 16. Bc4 Nf4 17. Nh5 Rad8 18.
Bxf4 exf4 19. d4 Rfe8 20. Qd3 Ne7 21. Rxe7 Rxe7 22. Qg6 1-0

[Event "*** Titled Tuesday Blitz"]
[Site "Chess.com"]
[Date "2020.05.19"]
[Round "5"]
[White "DonPreuss"]
[Black "Bossche-CM"]
[Result "0-1"]
[WhiteElo "2203"]
[BlackElo "2462"]
[TimeControl "180+1"]
[EndTime "12:56:09 PDT"]
[Termination "Bossche-CM won by resignation"]

1. d4 Nf6 2. Nc3 c5 3. d5 d6 4.
e4 g6 5. f4 Bg7 6. Nf3 e6 7.
Bb5+ Bd7 8. Bxd7+ Qxd7 9. O-O exd5 10. exd5 O-O 11. Qe1 b5 12. Qh4 b4 13. Ne2 Nxd5 14. f5 Nc6 15. Bh6 Qe7 16. Ng5 Bf6 17. Bxf8 Qe3+ 18. Kh1 Bxg5 19. Qc4 Nb6 20. Qg4 Rxf8 21. fxg6 hxg6 22. Ng3 Ne5 23. Qd1 Qd2 24. Qg4 Nxg4 0-1

[Event "*** Titled Tuesday Blitz"]
[Site "Chess.com"]
[Date "2020.05.19"]
[Round "5"]
[White "Zarikovs1999"]
[Black "KafkaesqueKnight"]
[Result "1-0"]
[WhiteElo "2406"]
[BlackElo "2153"]
[TimeControl "180+1"]
[EndTime "12:56:09 PDT"]
[Termination "Zarikovs1999 won on time"]

1. Nf3 Nf6 2. c4 g6 3. g3 Bg7 4.
Bg2 O-O 5. O-O d6 6. d4 Nbd7 7. Nc3 e5 8. b3 Re8 9. dxe5 dxe5 10. Ba3 c6 11. Qc2 e4 12. Ng5 e3 13. f4 Nf8 14.
Rfd1 Qa5 15. Bb2 Bf5 16. Qc1 h6 17. Nf3 Ng4 18. a3 Nf2 19. Rf1 Rad8 20. b4 Qc7 21. Na4 Ne6 22. Bxg7 Kxg7 23. Qxe3 Nh3+ 24. Bxh3 Bxh3 25.
Rfd1 Kh7 26. Qc3 Ng7 27. Rxd8 Qxd8 28. Re1 Re4 29. Nc5 Re7 30. e4 b6 31. Nd3 Ne6 32. Nde5 1-0

[Event "*** Titled Tuesday Blitz"]
[Site "Chess.com"]
[Date "2020.05.19"]
[Round "5"]
[White "viktorskliarov"]
[Black "Shuvalov"]
[Result "1-0"]
[WhiteElo "2581"]
[BlackElo "2414"]
[TimeControl "180+1"]
[EndTime "12:56:10 PDT"]
[Termination "viktorskliarov won by checkmate"]

1. e4 e6 2. d4 d5 3. e5 c5 4.
c3 Nc6 5. Nf3 Qb6 6. a3 Bd7 7.
b4 cxd4 8. cxd4 Rc8 9. Bb2 Nh6 10.
Nc3 Na5 11. Na4 Qc6 12. b5 Qc7 13. Rc1 Nc4 14. Bxc4 dxc4 15. Nc3 Qa5 16. a4 Nf5 17. O-O Ne7 18. d5 Nxd5 19. Nxd5 exd5 20. Qxd5 c3 21. Ng5 Bb4 22. Qxf7+ Kd8 23. Ne6+ Bxe6 24. Rfd1+ Bd5 25. Rxd5+ Bd6 26. Rxd6# 1-0

[Event "*** Titled Tuesday Blitz"]
[Site "Chess.com"]
[Date "2020.05.19"]
[Round "5"]
[White "vanea_03"]
[Black "AlexTruskavetsky"]
[Result "1-0"]
[WhiteElo "2635"]
[BlackElo "2439"]
[TimeControl "180+1"]
[EndTime "12:56:11 PDT"]
[Termination "vanea_03 won on time"]

1. d4 g6 2. e4 Bg7 3. Nf3 d6 4. c3 Nc6 5. Bd3 e5 6. O-O Nge7 7. d5 Nb8 8. c4 O-O 9. Nc3 Nd7 10. Be3 a5 11. a3 b6 12. b4 h6 13. Nd2 f5 14.
f3 f4 15. Bf2 g5 16. c5 dxc5 17. bxc5 Nxc5 18. Bxc5 bxc5 19. Na4 Ng6 20. Nxc5 g4 21. Rc1 Qh4 22. Ne6 Rf6 23. Rxc7 Bxe6 24. dxe6 Bf8 25. fxg4 Rd8 26. Rd7 Bc5+ 27. Kh1 Rdf8 28. Nf3 Qxg4 29.
Bc4 Kh8 30. Rf7 R6xf7 31. exf7 Kg7 32. Qd5 Be3 33. Nxe5 Qh4 34. Nxg6 Kxg6 35. Qf5+ Kg7 36. e5 1-0

[Event "*** Titled Tuesday Blitz"]
[Site "Chess.com"]
[Date "2020.05.19"]
[Round "5"]
[White "davidkalashian"]
[Black "Susal_De_Silva"]
[Result "1-0"]
[WhiteElo "2609"]
[BlackElo "2384"]
[TimeControl "180+1"]
[EndTime "12:56:11 PDT"]
[Termination "davidkalashian won by resignation"]

1. e4 e5 2. Nf3 Nc6 3. Bb5 a6 4. Ba4 Nf6 5. O-O Be7 6. Re1 b5 7. Bb3 d6 8. c3 O-O 9. h3 Na5 10. Bc2 c5 11. d4 Nd7 12. d5 Nb6 13. b3 c4 14. b4 Nb7 15. a4 bxa4 16. Bxa4 Nxa4 17.
Qxa4 Bd7 18. Qc2 a5 19. bxa5 Rxa5 20. Rxa5 Nxa5 21. Nbd2 Qc7 22. Ba3 Rb8 23. Nxe5 dxe5 24. Bxe7 Nb3 25. Bb4 Nxd2 26. Qxd2 f6 27. Ra1 Qc8 28.
Ra7 Ra8 29. Qa2 Rxa7 30. Qxa7 h6 31. Qb6 Kh7 32. Qd6 Kg8 33. Qe7 Kh7 34. Bc5 Kg8 35. Be3 Kh7 36. Kh2 Kg8 37. f4 exf4 38. Bxf4 Kh7 39. e5 Qe8 40. Qxe8 Bxe8 41. e6 Kg8 42. d6 Ba4 1-0

[Event "*** Titled Tuesday Blitz"]
[Site "Chess.com"]
[Date "2020.05.19"]
[Round "5"]
[White "PowerThinking2650"]
[Black "ama18"]
[Result "1-0"]
[WhiteElo "2308"]
[BlackElo "2478"]
[TimeControl "180+1"]
[EndTime "12:56:12 PDT"]
[Termination "PowerThinking2650 won by checkmate"]

1. e4 c5 2. Nf3 d6 3. d4 cxd4 4. Nxd4 Nf6 5. Nc3 a6 6. Be3 e5 7.
Nb3 Be6 8. f3 Nbd7 9. Qd2 b5 10.
Nd5 Bxd5 11. exd5 Nb6 12. Bxb6 Qxb6 13. Na5 Rc8 14. c4 bxc4 15. Bxc4 Rc5 16. b4 Rc7 17. Nc6 Be7 18. a4 O-O 19. a5 Qb7 20. O-O Rxc6 21. dxc6 Qxc6 22. Rfc1 d5 23. Bf1 Qb7 24.
Rab1 Rb8 25. b5 axb5 26. Rxb5 Qa7+ 27. Qf2 d4 28. Rxb8+ Qxb8 29. Qc2 Qa7 30. Qc8+ Bf8 31. a6 Nd5 32. Qb7 Bc5 33. Qxa7 Bxa7 34. Rc8# 1-0

[Event "*** Titled Tuesday Blitz"]
[Site "Chess.com"]
[Date "2020.05.19"]
[Round "5"]
[White "Cambek64"]
[Black "ZEN-22"]
[Result "0-1"]
[WhiteElo "2333"]
[BlackElo "2506"]
[TimeControl "180+1"]
[EndTime "12:56:13 PDT"]
[Termination "ZEN-22 won by resignation"]

1. e4 e6 2. d4 c5 3. d5 exd5 4. exd5 d6 5. c4 Be7 6. Nc3 Nf6 7. Bd3 O-O 8. h3 a6 9. a4 Nbd7 10. Nf3 Ne8 11. O-O Rb8 12. Re1 Nc7 13. Bf4 Re8 14. Qc2 h6 15. Re3 Bf8 16. Rae1 Rxe3 17. Rxe3 Nf6 18. b3 b5 19. axb5 axb5 20. g4 bxc4 21. bxc4 Na6 22. Nb5 Nb4 23. Qe2 Nfxd5 24. cxd5 Nxd3 25.
Qxd3 Ba6 26. g5 Bxb5 27. Qc2 Qd7 28. Kg2 Ba4 29. Qe4 Rb4 0-1

[Event "*** Titled Tuesday Blitz"]
[Site "Chess.com"]
[Date "2020.05.19"]
[Round "5"]
[White "Er_is_geen_hoop_meer"]
[Black "Witik"]
[Result "1-0"]
[WhiteElo "2441"]
[BlackElo "2636"]
[TimeControl "180+1"]
[EndTime "12:56:14 PDT"]
[Termination "Er_is_geen_hoop_meer won by resignation"]

1. b4 d5 2. Bb2 Bg4 3. Nf3 Bxf3 4. gxf3 Nd7 5. f4 Ngf6 6. e3 g6 7. Bg2 e6 8. a3 a5 9. b5 a4 10. d3 Bg7 11. c4 O-O 12. cxd5 exd5 13. Nc3 Nb6 14.
Ne2 Ne8 15. Qc2 Nd6 16. h4 h5 17. Bxg7 Kxg7 18. Qc3+ Qf6 19. Qxf6+ Kxf6 20. Nd4 Rfc8 21.
Kd2 c5 22. bxc6 bxc6 23. Rab1 Ra6 24. Rhc1 c5 25. Nb5 Nf5 26. Nc3 Ke6 27. Nxd5 Nxd5 28. e4 Nxf4 29. exf5+ Kxf5 30. Bb7 Raa8 31. Bxa8 Rxa8 32.
Rxc5+ Kg4 33. Rb4 Kf3 34. Rc7 f5 35. Rcc4 Ng2 36. Rxa4 Rb8 37. Rab4 Re8 38. a4 Re2+ 39. Kc3 Rxf2 40. a5 Ne3 41. Rf4+ Ke2 42. Rxf2+ Kxf2 43. a6 1-0

[Event "*** Titled Tuesday Blitz"]
[Site "Chess.com"]
[Date "2020.05.19"]
[Round "5"]
[White "kuli4ik"]
[Black "Bigfish1995"]
[Result "0-1"]
[WhiteElo "2786"]
[BlackElo "2993"]
[TimeControl "180+1"]
[EndTime "12:56:18 PDT"]
[Termination "Bigfish1995 won by resignation"]

1. d4 Nf6 2. Bg5 d5 3. Nf3 Bf5 4. Bxf6 exf6 5. e3 c6 6. Bd3 Bg6 7. O-O Bd6 8. c4 dxc4 9. Bxc4 O-O 10. Nc3 Nd7 11. Qb3 b5 12. Be2 a6 13. Nh4 c5 14.
Nxg6 hxg6 15. dxc5 Nxc5 16. Qc2 Rc8 17. Rfd1 Na4 18. g3 Qc7 19. Rac1 Be5 20. Qb3 Bxc3 21. bxc3 Nxc3 22. Bf3 Qc4 23. Re1 Rfd8 24. Kg2 a5 25. Qa3 a4 26. Rc2 b4 27. Qb2 a3 28. Qa1 f5 29. h4 Rd3 30. Rec1 Rcd8 31. Be2 Qe4+ 32. Bf3 Qe6 33. h5 g5 34. Be2 Rd2 35. Bf3 g4 0-1

[Event "*** Titled Tuesday Blitz"]
[Site "Chess.com"]
[Date "2020.05.19"]
[Round "5"]
[White "AnonymousBread"]
[Black "Mikasinski"]
[Result "1/2-1/2"]
[WhiteElo "2572"]
[BlackElo "2353"]
[TimeControl "180+1"]
[EndTime "12:56:18 PDT"]
[Termination "Game drawn by repetition"]

1. d4 Nf6 2. Nc3 d5 3. Bf4 e6 4.
e3 c5 5. Nb5 Na6 6. c3 Be7 7.
Nf3 Ne4 8. a4 O-O 9. Bd3 f5 10.
O-O Bd7 11. Ne5 Be8 12. f3 Nd6 13. b3 Nxb5 14. axb5 Nc7 15. c4 dxc4 16. Bxc4 Bxb5 17. dxc5 Bxc4 18. Nxc4 Nd5 19. Bd6 Bxd6 20. cxd6 b5 21. e4 fxe4 22. fxe4 bxc4 23. exd5 Rxf1+ 24. Qxf1 exd5 25. bxc4 Qxd6 26. Rd1 Qc5+ 27. Kh1 dxc4 28. Rc1 Rf8 29. Qe2 c3 30. h3 h6 31. Qe6+ Kh8 32. Qe1 c2 33.
Qe2 Rc8 34. Qa6 Rc6 35. Qd3 Rc8 36. Qa6 Kg8 37. Qe6+ Kh8 38. Qa6 1/2-1/2

[Event "*** Titled Tuesday Blitz"]
[Site "Chess.com"]
[Date "2020.05.19"]
[Round "5"]
[White "SHIVACalypso"]
[Black "EmeseBalogh"]
[Result "1-0"]
[WhiteElo "2294"]
[BlackElo "1949"]
[TimeControl "180+1"]
[EndTime "12:56:18 PDT"]
[Termination "SHIVACalypso won by resignation"]

1. Nf3 d5 2. c4 c6 3. d4 Nf6 4.
Nc3 e6 5. g3 Be7 6. Bg2 h6 7.
O-O Nbd7 8. b3 O-O 9. Nd2 Re8 10.
e4 dxe4 11. Ndxe4 Nxe4 12. Nxe4 Nf6 13. Bb2 Nxe4 14. Bxe4 Bf6 15. Qd3 c5 16. Rfd1 cxd4 17. Bxd4 Bxd4 18. Qxd4 Qxd4 19. Rxd4 e5 20. Rd6 f5 21.
Bd5+ Kh8 22. Rd1 Rb8 23. c5 f4 24. f3 fxg3 25. hxg3 Bf5 26. g4 Bh7 27. Rd7 e4 28. Bxb7 exf3 29. Bxf3 Bc2 30. R1d2 Bg6 31. c6 Re1+ 32. Kf2 Rbe8 33. c7 Rc1 34. Bd5 Be4 35. Bxe4 Rxe4 36. Rd8+ Kh7 37. c8=Q 1-0

[Event "*** Titled Tuesday Blitz"]
[Site "Chess.com"]
[Date "2020.05.19"]
[Round "5"]
[White "WhiteCapital80"]
[Black "OsorioFernando"]
[Result "1-0"]
[WhiteElo "2437"]
[BlackElo "2246"]
[TimeControl "180+1"]
[EndTime "12:56:19 PDT"]
[Termination "WhiteCapital80 won by resignation"]

1. e4 d5 2. exd5 Nf6 3. d4 Bg4 4.
Nf3 Qxd5 5. Be2 Nc6 6. Nc3 Qh5 7. h3 e6 8. O-O Bxh3 9. Ne5 Qh4 10. gxh3 Nxd4 11. Nb5 O-O-O 12. Kg2 Bc5 13. Nxd4 Rxd4 14. Nd3 Rd5 15. Bf3 Rdd8 16. Qd2 Bb6 17. Qg5 Qxg5+ 18. Bxg5 h6 19. Be3 g5 20. Bxb6 axb6 21. Ne5 Nd5 22. Nxf7 Nf4+ 23. Kg3 1-0

[Event "*** Titled Tuesday Blitz"]
[Site "Chess.com"]
[Date "2020.05.19"]
[Round "5"]
[White "NikolaGry"]
[Black "Paralinch"]
[Result "1/2-1/2"]
[WhiteElo "2617"]
[BlackElo "2859"]
[TimeControl "180+1"]
[EndTime "12:56:20 PDT"]
[Termination "Game drawn by repetition"]

1. b3 c5 2. c4 Nc6 3. Bb2 e5 4. e3 g6 5. g3 Bg7 6. Bg2 Nge7 7.
Nc3 O-O 8. Nge2 d5 9. cxd5 Nb4 10. O-O Nexd5 11. Nxd5 Nxd5 12. Rc1 b6 13. d4 exd4 14. exd4 Ba6 15. Qd2 Bxe2 16. Qxe2 cxd4 17. Qf3 Nc3 18. Bxc3 dxc3 19. Qxa8 Qxa8 20. Bxa8 Rxa8 21. Rfd1 a5 22. a4 Rb8 23. Rd5 Rc8 24. Rc2 h5 25. h3 Rc6 26.
Kf1 Bf6 27. Ke2 Kg7 28. Kd3 Kf8 29. f4 Re6 30. Re2 Rc6 31. g4 hxg4 32. hxg4 Be7 33. g5 Bd6 34. Rd4 Kg7 35. Kc2 Kf8 36. Kd3 Kg7 37.
Kc2 Kf8 38. Kd3 1/2-1/2

[Event "*** Titled Tuesday Blitz"]
[Site "Chess.com"]
[Date "2020.05.19"]
[Round "5"]
[White "MarcoRiehle"]
[Black "SaqoChess_Twitch"]
[Result "1-0"]
[WhiteElo "2645"]
[BlackElo "2399"]
[TimeControl "180+1"]
[EndTime "12:56:22 PDT"]
[Termination "MarcoRiehle won by resignation"]

1. e4 c5 2. a3 d6 3. b4 b6 4. Nc3 Nf6 5. Bc4 e6 6. f4 Be7 7. Nf3 O-O 8. O-O d5 9. exd5 exd5 10. Be2 d4 11. Na2 Bb7 12. bxc5 bxc5 13. d3 Bd5 14. c4 Bc6 15. Ne5 Bb7 16. Rb1 Qc7 17. Rxb7 Qxb7 18.
Bf3 Qb1 19. Rf2 Nbd7 20. Rb2 Qa1 21. Bxa8 Rxa8 22. Nc6 Bd6 23. Qc2 Re8 24. Rb1 Ng4 25. Bd2 Qxb1+ 26. Qxb1 Re2 27. Qd1 Rf2 28. Qxg4 Rxd2 29.
Qxd7 h5 30. Qxd6 Rxa2 31. Qxc5 Kh7 32. Nxd4 Rd2 1-0

[Event "*** Titled Tuesday Blitz"]
[Site "Chess.com"]
[Date "2020.05.19"]
[Round "5"]
[White "sergeikim"]
[Black "tteshan"]
[Result "0-1"]
[WhiteElo "2378"]
[BlackElo "2231"]
[TimeControl "180+1"]
[EndTime "12:56:22 PDT"]
[Termination "tteshan won by resignation"]

1. d4 d5 2. c4 dxc4 3. e3 Nf6 4. Bxc4 e6 5. Nf3 a6 6. a3 b5 7. Ba2 Bb7 8. O-O Nbd7 9. Qe2 c5 10. Rd1 Be7 11.
Nc3 O-O 12. d5 exd5 13. Nxd5 Nxd5 14. Bxd5 Bxd5 15. Rxd5 Qc7 16. e4 Rfe8 17. Be3 Nf6 18. Re5 Bd6 19. Rxe8+ Rxe8 20. e5 Bxe5 21. Nxe5 Qxe5 22. Qd2 h6 23. h3 Ne4 24. Qc2 c4 25. Rd1 Nd6 26. Bd4 Qe4 27. Qc3 Nf5 28. Bc5 Qe2 29. Rd7 Qe1+ 30. Qxe1 Rxe1+ 31. Kh2 Re2 32. g4 Nh4 33. Kg3 Ng6 34. Bd4 Rd2 35. f4 Rd3+ 36. Kf2 Nxf4 37. Rd6 Nxh3+ 38. Ke2 Nf4+ 39.
Kf2 Ne6 40. Be5 Rxd6 41. Bxd6 g6 42. Ke3 f5 43. gxf5 gxf5 44. Be5 Kf7 45. Kf3 Ke7 46.
Ke3 Kd7 47. Kf3 Kc6 48. Bf6 Kd5 49. Ke3 a5 50. Be7 Nc5 51. Bf8 Nd3 52. b3 Ne5 53.
Bxh6 Ng4+ 0-1

[Event "*** Titled Tuesday Blitz"]
[Site "Chess.com"]
[Date "2020.05.19"]
[Round "5"]
[White "MateSchmate"]
[Black "VerdeNotte"]
[Result "0-1"]
[WhiteElo "2541"]
[BlackElo "2832"]
[TimeControl "180+1"]
[EndTime "12:56:23 PDT"]
[Termination "VerdeNotte won by resignation"]

1. e4 e5 2. Nf3 Nc6 3. d4 exd4 4.
Nxd4 Nf6 5. Nxc6 bxc6 6. e5 Qe7 7. Qe2 Nd5 8. c4 Ba6 9. Nd2 g6 10. Nf3 Qb4+ 11. Kd1 Ne7 12. a3 Qb6 13. Be3 c5 14. b4 Nf5 15. b5 Bb7 16. a4 Bg7 17. a5 Qe6 18. Bxc5 d6 19. Bb4 O-O 20. Bc3 dxe5 21. Ng5 Qe7 22. Ne4 Rad8+ 23. Kc2 Nd4+ 24. Bxd4 exd4 25.
Re1 d3+ 26. Qxd3 Rxd3 27. Bxd3 Qa3 28. Rb1 Bxe4 29. Bxe4 Qc3+ 30. Kd1 Rd8+ 31. Ke2 Rd2+ 32. Kf1 Qxc4+ 33. Bd3 Qxd3+ 0-1

[Event "*** Titled Tuesday Blitz"]
[Site "Chess.com"]
[Date "2020.05.19"]
[Round "5"]
[White "chessdjw"]
[Black "DenishevM"]
[Result "1-0"]
[WhiteElo "2711"]
[BlackElo "2539"]
[TimeControl "180+1"]
[EndTime "12:56:24 PDT"]
[Termination "chessdjw won by resignation"]

1. e4 c5 2. Nf3 d6 3. Bb5+ Nd7 4. d4 cxd4 5. Qxd4 e5 6. Qd3 a6 7. Bxd7+ Bxd7 8. O-O Be7 9. Nc3 Rc8 10. Rd1 Be6 11. a4 h6 12. Nd2 Nf6 13. Nf1 O-O 14. Ne3 Qc7 15. Bd2 Qc6 16. Ncd5 Bxd5 17. exd5 Qd7 18.
c4 Nh5 19. Nf5 Nf4 20. Bxf4 exf4 21. Qh3 Qc7 22. Qg4 Bf6 23. Nxh6+ Kh7 24. Nf5 Bxb2 25. Ra3 g6 26. Rh3+ Kg8 27. Qh4 Rfe8 28. Qh7+ Kf8 29. Qh8+ 1-0

[Event "*** Titled Tuesday Blitz"]
[Site "Chess.com"]
[Date "2020.05.19"]
[Round "5"]
[White "Lagmantr"]
[Black "Munkhzul_Turmunkh"]
[Result "0-1"]
[WhiteElo "2670"]
[BlackElo "2505"]
[TimeControl "180+1"]
[EndTime "12:56:26 PDT"]
[Termination "Munkhzul_Turmunkh won on time"]

1. e4 c5 2. Nf3 d6 3. d4 cxd4 4.
Qxd4 Nc6 5. Bb5 Bd7 6. Bxc6 Bxc6 7. Nc3 Nf6 8. Bg5 e6 9. O-O-O Be7 10. Rhe1 O-O 11. e5 dxe5 12. Qh4 Qa5 13. Nxe5 h6 14. Bxh6 gxh6 15. Qxh6 Ne4 16. Nxc6 Qg5+ 17. Qxg5+ Bxg5+ 18. Kb1 Nxc3+ 19. bxc3 bxc6 20. Rd3 Rab8+ 21. Ka1 Bf6 22. Re4 Rfd8 23. Rg3+ Kf8 24. Re1 Rd2 25. Rf3 Ke7 26. Rc1 a5 27. a3 Rb5 28. Ka2 Rc5 29.
Kb3 Bg5 30. Re1 Rb5+ 31. Ka4 Rxc2 32. Re4 Bf6 33. Rc4 Rb7 34. Rxc6 Be5 35. Kxa5 Rcb2 36. Ka6 Bb8 0-1